 Dungeon Crawl Stone Soup version 0.31-a0-236-g9a0961fb85 (webtiles) character file.

Game seed: 254519393892470758

1302 Iich the Cleaver (level 8, 0/74 HPs)
             Began as a Hill Orc Fighter on July 10, 2023.
             Was an Initiate of Okawaru.
             Slain by a two-headed ogre
             ... wielding a +0 giant spiked club
              (16 damage)
             ... on level 5 of the Dungeon.
             The game lasted 00:07:59 (5700 turns).

Iich the Cleaver (Hill Orc Fighter)                 Turns: 5700, Time: 00:07:59

Health: 0/74       AC: 10    Str: 16 (19) XL:     8   Next: 57%
Magic:  8/8        EV: 10    Int:  6 (8)  God:    Okawaru [......]
Gold:   314        SH:  4    Dex:  9 (12) Spells: 7/7 levels left

rFire   . . .        a - +0 war axe
rCold   . . .        c - +0 buckler
rNeg    . . .        b - +0 scale mail
rPois   .            (no helmet)
rElec   .            (no cloak)
rCorr   .            s - +1 pair of gloves
SInv    .            q - +0 pair of boots
Will    .....        (no amulet) Stlth
                     (no ring)
HPRegen 0.32/turn    (no ring)
MPRegen 0.11/turn

%: no passive effects
@: no status effects
A: no striking features
a: Renounce Religion


You were on level 5 of the Dungeon.
You worshipped Okawaru.
Okawaru was noncommittal.
You visited 2 branches of the dungeon, and saw 7 of its levels.

You collected 314 gold pieces.

Inventory:

Hand Weapons
 a - a +0 war axe (weapon)
Armour
 b - a +0 scale mail (worn)
 c - a +0 buckler (worn)
 q - a +0 pair of boots (worn)
 s - a +1 pair of gloves (worn)
Jewellery
 m - an amulet of magic regeneration
Wands
 p - a wand of flame (17)
Scrolls
 f - a scroll of enchant armour {unknown}
 i - 2 scrolls of identify
 j - a scroll of torment
 k - a scroll of vulnerability {unknown}
 n - a scroll of immolation {unknown}
 t - 2 scrolls of teleportation
 w - a scroll of silence {unknown}
 x - a scroll of summoning {unknown}
 y - a scroll of enchant weapon {unknown}
 B - a scroll of blinking
Potions
 d - a potion of might
 e - a potion of cancellation {unknown}
 g - a potion of brilliance
 h - a potion of curing {unknown}
 l - a potion of heal wounds
 o - a potion of degeneration
 r - a potion of haste {unknown}
 u - a potion of attraction {unknown}
 v - a potion of mutation {unknown}


   Skills:
 + Level 8.0 Fighting
 + Level 8.0 Axes
 - Level 3.2 Armour
 + Level 4.6 Dodging
 - Level 3.2 Shields


You had 7 spell levels left.
You didn't know any spells.
Your spell library contained the following spells:

 Spells                   Type           Power      Damage    Failure   Level
 Slow                     Hex            0%         N/A       92%         1
 Confusing Touch          Hex            0%         N/A       100%        3
 Vampiric Draining        Necr           0%         2d6       100%        3


Dungeon Overview and Level Annotations

Branches:
Dungeon (6/15)             Temple (1/1) D:5

Altars:
Ashenzari
Cheibriados
Dithmenos
Fedhas
Hepliaklqana
Kikubaaqudgha
Makhleb
Okawaru
Sif Muna
Trog
Uskayaw
Vehumet
Wu Jian
Yredelemnul
Zin
The Shining One


Message History

The two-headed ogre is lightly wounded.
The two-headed ogre hits you with a +0 giant spiked club!!
The two-headed ogre hits you with a +0 giant club.
You take 27 damage, and have 37/74 hp. !!!!--MASSIVE DAMAGE--!!!!
You are too injured to fight recklessly!
The two-headed ogre hits you with a +0 giant spiked club!!
* * * LOW HITPOINT WARNING * * *
The two-headed ogre closely misses you.
You climb upwards.
There is a stone staircase leading down, spattered with blood here.
You take 19 damage, and have 18/74 hp. !!!!--MASSIVE DAMAGE--!!!!
You feel much better.
You regained 24 hp, and now have 42/74 hp.
You hit the two-headed ogre.
The two-headed ogre is lightly wounded.
The two-headed ogre barely misses you.
The two-headed ogre hits you with a +0 giant club!
* * * LOW HITPOINT WARNING * * *
You take 13 damage, and have 29/74 hp.
You closely miss the two-headed ogre.
The two-headed ogre is lightly wounded.
The two-headed ogre hits you with a +0 giant spiked club!!
* * * LOW HITPOINT WARNING * * *
The two-headed ogre hits you but does no damage.
You take 22 damage, and have 7/74 hp. !!!!--MASSIVE DAMAGE--!!!!
You feel much better.
You regained 27 hp, and now have 34/74 hp.
You hit the two-headed ogre.
The two-headed ogre is lightly wounded.
The two-headed ogre closely misses you.
The two-headed ogre hits you with a +0 giant club!!
* * * LOW HITPOINT WARNING * * *
You take 18 damage, and have 16/74 hp. !!!!--MASSIVE DAMAGE--!!!!
You slash the two-headed ogre!
The two-headed ogre is heavily wounded.
The two-headed ogre closely misses you. You block the two-headed ogre's attack.
You slash the two-headed ogre!
The two-headed ogre is severely wounded.
The two-headed ogre hits you with a +0 giant spiked club!
You die...

##.#.## ##.## #.# # ##.## ##.#
#.# # #.# #..# #.# # #.# #.##
#.### #.# #.# #..## #####.# #.#
##.## #.....# #.# #.## #.#####
#O# #.## #.# #@# ##.## #.# #.#
#..## #.# #.# #.### #.# ######.#
#.# # #.# ##...##.# ######.###
#.# #.....#.## #......... #.#
#........######.####.###
#.######.....#..#...........###
###...........##.................


You could see a two-headed ogre.

Vanquished Creatures
  Prince Ribbit (D:5)
  Menkaure (D:4)
  A water moccasin (D:5)
  A black bear (D:5)
  A phantom (D:4)
  3 scorpions
  A killer bee (D:5)
  A jelly (D:5)
  3 hounds (D:5)
  An orc priest (D:4)
  A gnoll bouda (D:3)
  Jessica (D:3)
  2 orc wizards (D:4)
  11 gnolls
  6 adders
  2 dart slugs
  7 orcs
  3 ball pythons
  9 endoplasms
  2 giant cockroaches
  9 goblins
  9 hobgoblins
  5 jackals (D:2)
  7 kobolds
  2 quokkas
  4 bats
  7 frilled lizards
  6 rats
107 creatures vanquished.

Vanquished Creatures (others)
  An adder (D:6)
1 creature vanquished.

Grand Total: 108 creatures vanquished

Notes
Turn   | Place    | Note
-------+----------+-------------------------------------------
     0 | D:1      | Iich the Hill Orc Fighter began the quest for the Orb.
     0 | D:1      | Reached XP level 1. HP: 19/19 MP: 1/1
     2 | D:1      | Noticed a spriggan
     2 | D:1      | Noticed a human
     4 | D:1      | Noticed a ghoul
     4 | D:1      | Noticed an octopode
     6 | D:1      | Noticed a draconian
     6 | D:1      | Noticed a vine stalker
     8 | D:1      | Noticed a minotaur
    10 | D:1      | Noticed a formicid
    10 | D:1      | Noticed a vampire
    12 | D:1      | Noticed a meteoran
    12 | D:1      | Noticed a demigod
    14 | D:1      | Noticed a tengu
    14 | D:1      | Noticed an ogre
    16 | D:1      | Noticed a troll
    16 | D:1      | Noticed a gargoyle
    18 | D:1      | Noticed an armataur
    18 | D:1      | Noticed a demonspawn
    20 | D:1      | Noticed a felid
    22 | D:1      | Noticed a naga
    24 | D:1      | Noticed a merfolk
    24 | D:1      | Noticed a spriggan
    26 | D:1      | Noticed a troll
    26 | D:1      | Noticed an armataur
   245 | D:1      | Reached XP level 2. HP: 27/27 MP: 2/2
   663 | D:1      | Reached skill level 1 in Dodging
   663 | D:1      | Reached XP level 3. HP: 33/33 MP: 3/3
  1127 | D:2      | Reached XP level 4. HP: 30/41 MP: 4/4
  1828 | D:3      | Reached XP level 5. HP: 47/47 MP: 5/5
  1835 | D:3      | Reached skill level 5 in Fighting
  2076 | D:3      | Found a faded altar of an unknown god.
  2080 | D:3      | Found a radiant altar of Vehumet.
  2351 | D:3      | Noticed Jessica
  2364 | D:3      | Killed Jessica
  2365 | D:3      | Reached skill level 5 in Axes
  2365 | D:3      | Reached XP level 6. HP: 25/56 MP: 6/6
  2483 | D:3      | Identified the +1 dagger of Irritation {vamp, rPois}
  3179 | D:4      | Reached XP level 7. HP: 45/63 MP: 7/7
  3649 | D:4      | Noticed Menkaure
  3655 | D:4      | Killed Menkaure
  3896 | D:4      | Found a broken altar of Ashenzari.
  4059 | D:5      | Entered Level 5 of the Dungeon
  4238 | D:5      | Noticed Prince Ribbit
  4250 | D:5      | Killed Prince Ribbit
  4251 | D:5      | Reached XP level 8. HP: 27/73 MP: 8/8
  4594 | D:5      | Found a staircase to the Ecumenical Temple.
  4607 | Temple   | Entered the Ecumenical Temple
  4863 | Temple   | Became a worshipper of Warmaster Okawaru
  5265 | D:6      | Noticed a two-headed ogre
  5700 | D:5      | Slain by a two-headed ogre

Illustrated notes

Levels and vault maps discovered:
D:1:      kb_arrival_jail, layout_loops_corners, moated_statue,
          minmay_misc_feat_room, nrook_mini_vaults, due_unseen_surprise
D:2:      layout_loops_ring
D:3:      layout_basic, nicolae_overflow_ecumenical_swirl, minmay_box_of_dots,
          uniq_jessica
D:4:      layout_basic, nicolae_ashenzari_skybound, minmay_circle_x,
          uniq_menkaure
D:5:      layout_loops_ring, minmay_temple_entry_water_ring, uniq_prince_ribbit1
D:6:      layout_loops_cross, nicolae_inconvenience_store, uniq_maggie
Temple:   nicolae_temple_bog_church

Skill      XL: |  1  2  3  4  5  6  7  8 |
---------------+-------------------------+-----
Axes           | 3 4 5 6 7 8 |  8.0
Fighting       | 4 5 6 7 8 |  8.0
Dodging        | 1 2 3 4 |  4.6
Armour         | |  3.2
Shields        | |  3.2

Action                     |  1- 3 |  4- 6 |  7- 9 || total
---------------------------+-------+-------+-------++-------
  Melee: War axe           |    70 |   197 |    88 ||   355
  Evoke: Wand              |       |     2 |       ||     2
    Use: Potion            |       |     3 |     4 ||     7
         Scroll            |       |       |     3 ||     3
 Armour: Scale mail        |    34 |   110 |    46 ||   190
  Dodge: Dodged            |    31 |    90 |    59 ||   180
  Block: Buckler           |    16 |    42 |    17 ||    75

Table legend: (Time is in decaauts)
 A = Elapsed time spent in this place.
 B = Non-inter-level travel time spent in this place.
 C = Inter-level travel time spent in this place.
 D = Time resting spent in this place.
 E = Time spent auto-exploring this place.
 F = Levels seen in this place.
 G = Mean time per level.
                   A        B        C        D        E       F      G
               +--------+--------+--------+--------+--------+-----+--------+
         Total |   5813 |   5676 |    137 |    394 |   4303 |   7 |  830.4 |
       Dungeon |   5535 |   5424 |    111 |    394 |   4070 |   6 |  922.5 |
        Temple |    278 |    252 |     26 |      0 |    232 |   1 |  278.0 |
               +--------+--------+--------+--------+--------+-----+--------+

Top non-repeatable levels by time:
     D:5: 1339 daAuts
     D:4: 1325 daAuts
     D:3: 1027 daAuts
     D:1: 1021 daAuts
     D:2: 771 daAuts
  Temple: 278 daAuts
     D:6: 50 daAuts
